 Dungeon Crawl Stone Soup version 0.21-a0-221-gfe971b9 (webtiles) character file.

35077 motkurip the Grappler (level 13, 0/137 HPs)
             Began as a Troll Monk on Aug 27, 2017.
             Was a High Priest of Makhleb.
             Slain by a killer bee (9 damage)
             ... on level 5 of the Lair of Beasts.
             The game lasted 00:30:44 (12858 turns).

motkurip the Grappler (Troll Monk)                 Turns: 12858, Time: 00:30:45

Health: 0/137      AC: 11    Str: 32    XL:     13   Next: 45%
Magic:  15/15      EV: 10    Int:  6    God:    Makhleb [*****.]
Gold:   945        SH: 14    Dex: 10    Spells: 11/12 levels left

rFire    + . .     SeeInvis +     - Unarmed
rCold    + . .     Gourm    +   I - +2 shield {AC+3}
rNeg     + . .     Faith    .   p - +0 animal skin
rPois    .         Spirit   .   (helmet restricted)
rElec    +         Reflect  .   (no cloak)
rCorr    .         Harm     .   (gloves unavailable)
MR       .....                  (boots unavailable)
Stlth    ++........             (no amulet)
HPRegen  0.72/turn              h - ring "Netan" {rF+ rC+ AC+3 Dex-2 Slay+2}
MPRegen  0.14/turn              G - ring of Eruud {+Fly rElec rN+ Str+6 SInv}

@: lethally poisoned (0 -> -58)
A: unfitting armour, claws 3, fast metabolism 3, gourmand, regeneration 1,
shaggy fur 1, tough skin 2
a: Minor Destruction, Lesser Servant of Makhleb, Major Destruction, Greater
Servant of Makhleb, Renounce Religion, Evoke Flight


You were on level 5 of the Lair of Beasts.
You worshipped Makhleb.
Makhleb was extremely pleased with you.
You were full.

You visited 3 branches of the dungeon, and saw 15 of its levels.
You also visited: Labyrinth and Volcano.

You collected 1260 gold pieces.
You spent 315 gold pieces at shops.

Inventory:

Hand Weapons
 C - a +1 rapier of venom
 H - a +0 short sword of protection
Missiles
 i - 8 large rocks (quivered)
Armour
 p - a +0 animal skin (worn)
 I - a +2 shield of protection (worn)
Jewellery
 h - the ring "Netan" (left claw) {rF+ rC+ AC+3 Dex-2 Slay+2}
   (You took it off a minotaur in a labyrinth)

   [ring of protection]

   It affects your AC (+3).
   It affects your dexterity (-2).
   It affects your accuracy and damage with ranged weapons and melee attacks
   (+2).
   It protects you from fire.
   It protects you from cold.
 G - the ring of Eruud (right claw) {+Fly rElec rN+ Str+6 SInv}
   (You found it on level 6 of the Dungeon)

   [ring of see invisible]

   It affects your strength (+6).
   It insulates you from electricity.
   It protects you from negative energy.
   It lets you see invisible.
   It lets you fly.
 J - an uncursed ring of fire
 L - an uncursed ring of ice
Wands
 y - a wand of enslavement (17/24)
 z - a wand of confusion (36/48)
 A - a wand of digging (9/24)
 E - a wand of iceblast (2/15)
 M - a wand of disintegration (3/24)
 S - a wand of confusion (25/48)
 U - a wand of paralysis (4/24)
 V - a wand of lightning (5/15)
Scrolls
 a - 4 scrolls of enchant armour
 d - 8 scrolls of teleportation
 g - 12 scrolls of remove curse
 j - 3 scrolls of amnesia {unknown}
 m - 5 scrolls of fear
 s - 4 scrolls of fog
 v - 5 scrolls of identify
 w - 6 scrolls of enchant weapon {unknown}
 F - a scroll of blinking
 N - a scroll of silence {unknown}
 O - a scroll of holy word {unknown}
 R - 2 scrolls of vulnerability {unknown}
 T - a scroll of immolation {unknown}
 W - a scroll of torment {unknown}
Potions
 c - 5 potions of brilliance
 e - 8 potions of curing {unknown}
 k - 2 potions of magic
 l - 5 potions of flight
 n - 2 potions of haste
 o - 5 potions of heal wounds
 r - 2 potions of berserk rage {unknown}
 u - 2 potions of agility {unknown}
 x - 2 potions of ambrosia {unknown}
 B - 2 potions of might
 D - 2 potions of cancellation {unknown}
 P - 2 potions of lignification {unknown}
 X - a potion of invisibility {unknown}
 Z - a potion of degeneration {unknown}
Miscellaneous
 Q - a box of beasts
 Y - a phantom mirror
Comestibles
 b - 15 bread rations
 f - 10 meat rations
 t - 29 fruits
 K - 2 royal jellies


   Skills:
 + Level 11.1 Fighting
 - Level 2.4 Dodging
 - Level 2.1 Stealth
 + Level 10.1 Shields
 + Level 13.9 Unarmed Combat
 - Level 5.0 Invocations


You had 11 spell levels left.
You knew the following spells:

 Your Spells              Type           Power        Failure   Level  Hunger
a - Apportation           Tloc           #.....       45%         1    ##.....


Dungeon Overview and Level Annotations

Branches:
Dungeon (9/15)             Temple (1/1) D:6            Lair (5/6) D:9
 Shoals (0/4) Lair:2       Spider (0/4) Lair:4
  Slime: Lair:5-6       Orc: D:9-12

Altars:
Cheibriados
Dithmenos
Fedhas
Gozag
Hepliaklqana
Makhleb
Nemelex Xobeh
Okawaru
Qazlal
Ru
Sif Muna
Trog
Uskayaw
Vehumet
Xom
Zin

Shops:
D:6 [?}*[   D:8 ?

Annotations:
D:6 exclusion: downstairs


Innate Abilities, Weirdness & Mutations

You are too large for most types of armour.
You have claws for hands.
Your metabolism is lightning-fast.
You like to eat raw meat.
Your natural rate of healing is unusually fast.
You are covered in fur. (AC +1)
You have very tough skin. (AC +2)


Message History

Your orange demon hits the meliai.
The meliai looks weaker.
You block the killer bee's attack.
You miss the meliai.
The meliai is heavily wounded.
* * * LOW HITPOINT WARNING * * *
You feel very sick. The meliai closely misses you.
The meliai hits your orange demon with a war axe.
Your orange demon dies!
You block the meliai's attack. You block the killer bee's attack.
You block the meliai's attack. The meliai stings you.
* * * LOW HITPOINT WARNING * * *
You are more poisoned.
The meliai poisons you!
You claw the meliai!
The meliai is almost dead.
* * * LOW HITPOINT WARNING * * *
You feel very sick. The killer bee stings you!
You die...

......................(...
#........................
.#.........#..............
y..........##........†....
#...$..y##.:.............
#.....yy.#..[............
#...Pyy4.#...............
##.Py####y...............
#######@y...............
#....................
###....P.............
#....#.............P
......##.P...........
.....####.............
.....## ....$ ..... ....
......


You could see a meliai and a killer bee.

Vanquished Creatures
  Rupert (Lair:3)
  The ghost of nublet the Archer, a journeyman GnHu of Fedhas (Volcano)
  A minotaur (Lab)
  A hydra (Lair:3)
  A catoblepas (Lair:4)
  2 death yaks
  A sun demon (Volcano)
  A hell knight (Volcano)
  A wolf spider zombie (D:8)
  2 lindwurms (Lair:3)
  An orb spider (Lair:4)
  The ghost of Curus the Martial Artist, a novice MfTm (D:6)
  An ugly thing (Volcano)
  6 elephants (Lair:3)
  3 black mambas
  A centaur skeleton (D:8)
  A rime drake (Lair:3)
  8 spiny frogs
  7 komodo dragons
  2 hellwings (D:8)
  2 meliai (Lair:5)
  4 polar bears (D:7)
  2 red devils (Volcano)
  2 hornets (Lair:3)
  Grinder (D:5)
  Prince Ribbit (D:5)
  2 meliai zombies (D:8)
  6 hippogriffs
  A dream sheep (D:7)
  2 wyverns
  A hog (D:7)
  A spriggan (D:7)
  A shadow (Lab)
  Eustachio (D:5)
  7 fire bats (Volcano)
  16 yaks
  2 basilisks
  2 hungry ghosts (Lab)
  A steam dragon (D:8)
  6 water moccasins
  Menkaure (D:5)
  9 porcupines
  Duvessa (D:6)
  A hell hound (Volcano)
  A hornet zombie (D:8)
  2 sky beasts
  An ice beast (D:9)
  2 orc warriors
  6 black bears (D:7)
  6 wolves
  5 ogres
  6 centaurs
  6 crocodiles
  10 bullfrogs
  A gnoll sergeant (D:9)
  Dowan (D:6)
  2 scorpions
  4 wights (D:6)
  7 killer bees (Lair:5)
  A howler monkey (D:8)
  11 lava snakes
  3 centaur zombies
  A quasit (D:6)
  2 hounds (D:7)
  3 orc priests
  2 bullfrog skeletons
  3 iguanas
  Natasha (twice) (D:2)
  7 orc wizards
  11 worker ants
  A hound zombie (D:5)
  Robin (D:2)
  5 gnolls
  12 adders
  A howler monkey skeleton (D:6)
  6 shadow imps
  An ooze (D:1)
  An adder skeleton (D:8)
  2 worms (D:2)
  3 dart slugs
  10 leopard geckos
  34 orcs
  2 ball pythons
  8 bats
  3 giant cockroaches
  14 goblins
  10 hobgoblins
  15 jackals
  6 kobolds
  5 quokkas
  5 frilled lizards
  2 jackal skeletons
  A quokka skeleton (D:5)
  3 rats
373 creatures vanquished.

Vanquished Creatures (collateral kills)
  3 hydras
  A red devil (Volcano)
  A hornet (Lair:3)
  A basilisk (Lair:3)
  A water moccasin (Lair:3)
  2 killer bees (Lair:5)
9 creatures vanquished.

Vanquished Creatures (others)
  An ogre (D:5)
  Blork the orc (D:6)
  2 fungi
  4 plants (Lair:3)
8 creatures vanquished.

Grand Total: 390 creatures vanquished

Notes
Turn   | Place    | Note
-------+----------+-------------------------------------------
     0 | D:1      | motkurip the Troll Monk began the quest for the Orb.
     0 | D:1      | Reached XP level 1. HP: 22/22 MP: 0/0
    61 | D:1      | Reached XP level 2. HP: 27/29 MP: 1/1
   343 | D:1      | Reached XP level 3. HP: 36/36 MP: 2/2
   744 | D:2      | Noticed Natasha
   748 | D:2      | Killed Natasha
   748 | D:2      | Reached skill level 4 in Unarmed Combat
   775 | D:2      | Reached XP level 4. HP: 41/45 MP: 3/3
  1133 | D:2      | Noticed Robin
  1179 | D:2      | Reached XP level 5. HP: 52/53 MP: 4/4
  1187 | D:2      | Reached skill level 5 in Unarmed Combat
  1192 | D:2      | Killed Robin
  1459 | D:2      | Noticed Natasha
  1464 | D:2      | Killed Natasha
  1804 | D:3      | Found a hazy altar of Hepliaklqana.
  1804 | D:3      | Found a sparkling altar of Nemelex Xobeh.
  1811 | D:3      | Found a hide-covered altar of Uskayaw.
  1811 | D:3      | Found a snail-covered altar of Cheibriados.
  1943 | D:3      | Found an iron altar of Okawaru.
  2465 | D:4      | Noticed an ogre
  2473 | D:4      | Killed an ogre
  2473 | D:4      | Reached XP level 6. HP: 52/61 MP: 5/5
  2503 | D:4      | Reached skill level 6 in Unarmed Combat
  2848 | D:4      | Reached XP level 7. HP: 67/67 MP: 6/6
  3221 | D:4      | Found a glowing silver altar of Zin.
  3221 | D:4      | Noticed an angel
  3284 | D:5      | Entered Level 5 of the Dungeon
  3287 | D:5      | Found a radiant altar of Vehumet.
  3291 | D:5      | Reached skill level 7 in Unarmed Combat
  3508 | D:5      | Noticed Eustachio
  3537 | D:5      | Killed Eustachio
  3556 | D:5      | Noticed Menkaure
  3563 | D:5      | Killed Menkaure
  3670 | D:5      | Reached skill level 8 in Unarmed Combat
  3694 | D:5      | Reached XP level 8. HP: 16/79 MP: 7/7
  3715 | D:5      | Noticed Prince Ribbit
  3789 | D:5      | Killed Prince Ribbit
  3852 | D:5      | Noticed Grinder
  3863 | D:5      | Killed Grinder
  3863 | D:5      | Reached skill level 5 in Fighting
  4120 | D:6      | Reached skill level 9 in Unarmed Combat
  4143 | D:6      | Found Cydeq's Gadget Boutique.
  4146 | D:6      | Noticed Curus's ghost (novice MfTm)
  4147 | D:6      | Noticed Blork the orc
  4161 | D:6      | Killed Curus's ghost
  4167 | D:6      | Killed Blork the orc
  4177 | D:6      | HP: 4/83 [orc wizard/magic dart (6)]
  4179 | D:6      | Reached XP level 9. HP: 5/89 MP: 8/8
  4388 | D:6      | Found Ameu's Magic Scroll Shop.
  4393 | D:6      | Bought a scroll of blinking for 105 gold pieces
  4396 | D:6      | Noticed Duvessa
  4396 | D:6      | Noticed Dowan
  4421 | D:6      | Killed Duvessa
  4438 | D:6      | Killed Dowan
  4451 | D:6      | Found a staircase to the Ecumenical Temple.
  4458 | D:6      | Got a smoking marble ring
  4459 | D:6      | Identified the ring of Eruud {+Fly rElec rN+ Str+6 SInv} (You found it on level 6 of the Dungeon)
  4462 | Temple   | Entered the Ecumenical Temple
  4516 | Temple   | Became a worshipper of Makhleb the Destroyer
  4516 | Temple   | Reached * piety under Makhleb
  4516 | Temple   | Reached ** piety under Makhleb
  4546 | D:6      | Found Piffiuv's Antique Armour Shoppe.
  4552 | D:6      | Reached skill level 10 in Unarmed Combat
  4566 | D:6      | Reached skill level 1 in Invocations
  4587 | D:6      | Found a bloodstained altar of Trog.
  4755 | D:6      | Found Vietoij's Assorted Antiques.
  4854 | D:6      | Bought a shiny shield for 210 gold pieces
  4936 | D:6      | Found Jiluq's Armour Shop.
  5204 | D:6      | Reached skill level 1 in Shields
  5619 | D:7      | Found a huge runed gate.
  5653 | D:7      | Found a shadowy altar of Dithmenos.
  5959 | D:7      | Found a huge runed gate.
  5959 | D:7      | Noticed a polar bear
  5960 | D:7      | Found a huge runed gate.
  5961 | D:7      | Noticed a polar bear
  5961 | D:7      | Found a huge runed gate.
  5962 | D:7      | Noticed a polar bear
  5962 | D:7      | Noticed a death yak
  5968 | D:7      | Noticed a polar bear
  6014 | D:7      | Killed a polar bear
  6014 | D:7      | Reached skill level 5 in Shields
  6016 | D:7      | Reached *** piety under Makhleb
  6147 | D:7      | Reached XP level 10. HP: 93/100 MP: 10/10
  6436 | D:7      | Killed a death yak
  6545 | D:8      | Found Puinu's Magic Scroll Shoppe.
  6623 | D:8      | Reached XP level 11. HP: 82/107 MP: 11/11
  6992 | D:8      | Reached **** piety under Makhleb
  7019 | D:8      | Reached skill level 10 in Shields
  7118 | D:8      | Found a blossoming altar of Fedhas.
  7397 | D:9      | Got a faintly humming buckler
  7708 | D:9      | Found a staircase to the Lair.
  7790 | D:9      | Found a deep blue altar of Sif Muna.
  7939 | D:9      | Found a sacrificial altar of Ru.
  7967 | Lair:1   | Entered Level 1 of the Lair of Beasts
  8076 | Lair:1   | Reached ***** piety under Makhleb
  8086 | Lair:1   | Found a labyrinth entrance.
  8095 | Lab      | Entered a labyrinth
  8152 | Lab      | Reached skill level 11 in Unarmed Combat
  8366 | Lab      | Noticed a minotaur
  8519 | Lab      | Killed a minotaur
  8524 | Lab      | Got a vibrating golden ring
  8537 | Lab      | Learned a level 1 spell: Apportation
  8559 | Lab      | Identified the ring "Netan" {rF+ rC+ AC+3 Dex-2 Slay+2} (You took it off a minotaur in a labyrinth)
  8961 | Lair:1   | Noticed an eight-headed hydra
  9035 | Lair:1   | Killed an eight-headed hydra
  9442 | Lair:2   | Found a dark tunnel.
  9449 | Volcano  | Entered a volcano
  9507 | Volcano  | Reached XP level 12. HP: 122/122 MP: 13/13
  9531 | Volcano  | Noticed nublet's ghost (journeyman GnHu)
  9565 | Volcano  | Killed nublet's ghost
  9806 | Volcano  | Reached skill level 12 in Unarmed Combat
  9806 | Volcano  | Reached skill level 5 in Invocations
  9871 | Volcano  | Found a burning altar of Makhleb.
  9894 | Volcano  | Found a bloodstained altar of Trog.
 10056 | Lair:2   | Found a staircase to the Shoals.
 10695 | Lair:3   | Noticed Rupert
 10708 | Lair:3   | Killed Rupert
 10881 | Lair:3   | Reached skill level 10 in Fighting
 11066 | Lair:3   | Noticed a four-headed hydra
 11077 | Lair:3   | Killed a four-headed hydra
 11077 | Lair:3   | Reached skill level 13 in Unarmed Combat
 11646 | Lair:3   | Reached XP level 13. HP: 129/135 MP: 15/15
 11844 | Lair:3   | Got a faintly humming shield
 11855 | Lair:3   | Identified the +1 shield "Janeubrese" {Regen+} (You found it on level 3 of the Lair of Beasts)
 12205 | Lair:4   | Found a hole to the Spider Nest.
 12858 | Lair:5   | Slain by a killer bee

Vault maps used:
D:1:      minmay_arrival_glassed_features
D:2:      kennysheep_six_static_rooms, serial_bayou_lake_a, uniq_natasha,
          uniq_robin
D:3:      kennysheep_okawaru_gauntlet, grunt_temple_overflow_open
D:4:      zin_angel
D:5:      vehumet_crystals, first_bread, uniq_prince_ribbit1, uniq_menkaure,
          uniq_grinder, uniq_eustachio
D:6:      lemuel_round_altar, temple_green, serial_shops, shop_coins,
          kennysheep_mini, shop, shop, shop, corexii_checkpoint_a,
          kennysheep_generic_room_5, uniq_blork_the_orc, uniq_duvessa
D:7:      lemuel_bear_cage, grunt_dithmenos_smoke, the_bakery
D:8:      cheibrodos_grave_circle, fedhas_altar_4, serial_shops,
          nicolae_shop_trees, kennysheep_boxes
D:9:      lemuel_blue_sif_altar, nicolae_ru_path_of_blood, dpeg_oklobed_lair
Temple:   dpeg_chambers_temple
Lair:1:   lab_entry_generic, small_statue_intersection, grunt_megastairs_2
Lair:2:   minmay_shoals_entry_centaurs, enter_volcano_2, grunt_megastairs_4
Lair:3:   cheibrodos_lair_overgrown_chateau, uniq_rupert
Lair:4:   nicolae_spider_entry_orb_guardian, nicolae_lair_yak_garden,
          lemuel_fruit_fields
Lair:5:   special_room
Lab:      nicolae_lab_dead_adventurers, lab_hedge, labyrinth_skeletal_remains,
          lab_block, nicolae_lab_do_over, nicolae_lab_big_swirl,
          nicolae_lab_garden, lab_fountain, labyrinth_lava_lair,
          nicolae_lab_diamond, nicolae_lab_dead_end, nicolae_lab_swirl,
          nicolae_lab_starburst
Volcano:  volcano_grotto

Skill      XL: |  1  2  3  4  5  6  7  8  9 10 11 12 13 |
---------------+----------------------------------------+-----
Fighting       | 3 4 6 8 10 11 | 11.1
Unarmed Combat | 4 5 6 8 9 10 11 13 | 13.9
Stealth        | 2 |  2.1
Invocations    | 1 3 5 |  5.0
Shields        | 5 9 10 | 10.1
Dodging        | |  2.4

Action                   |  1- 3 |  4- 6 |  7- 9 | 10-12 | 13-15 || total
-------------------------+-------+-------+-------+-------+-------++-------
Melee: Unarmed           |    47 |   160 |   249 |   607 |   129 ||  1192
       Punch             |       |     3 |     5 |       |       ||     8
Throw: Javelin           |       |       |     3 |       |       ||     3
       Large rock        |       |       |       |     4 |     1 ||     5
Invok: Lesser Servant of |       |       |       |    13 |     4 ||    17
       Minor Destruction |       |       |       |    19 |     6 ||    25
Evoke: Wand              |       |       |     1 |       |       ||     1
  Use: Scroll            |       |     6 |       |     7 |       ||    13
       Potion            |       |       |       |     2 |     1 ||     3
 Stab: Sleeping          |       |     2 |     2 |     4 |     1 ||     9
       Petrified         |       |       |       |       |     2 ||     2
       Petrifying        |       |       |       |       |     1 ||     1
  Eat: Chunk             |     4 |    21 |    35 |    34 |    14 ||   108
       Fruit             |       |     1 |     1 |     9 |       ||    11
       Royal jelly       |       |       |       |     3 |       ||     3
Armor: Robe              |    20 |    11 |       |       |       ||    31
       Animal skin       |       |    39 |    57 |   170 |    37 ||   303
Dodge: Dodged            |    18 |    81 |    95 |   194 |    50 ||   438
Block: Shield            |       |       |    39 |   448 |   101 ||   588

Table legend:
 A = Spawn XP
 B = Non-spawn XP
 C = Spawn XP percentage of total XP
 D = Spawn monster count
 E = Non-spawn monster count
 F = Spawn count percentage of total count
 G = Total turns spent on level
                    A         B        C        D         E        F      G
               +---------+---------+-------+---------+---------+-------+---------
         Total |    3874 |   46237 |   7.7 |      28 |     355 |   7.3 | 12858
               +---------+---------+-------+---------+---------+-------+---------
           D:1 |       4 |      40 |   9.1 |       3 |      18 |  14.3 |   635
           D:2 |      17 |     206 |   7.6 |       3 |      31 |   8.8 |   963
           D:3 |      14 |      22 |  38.9 |       2 |      13 |  13.3 |   863
           D:4 |      17 |     478 |   3.4 |       2 |      19 |   9.5 |   823
           D:5 |       0 |    1239 |   0.0 |       0 |      20 |   0.0 |   781
           D:6 |     132 |    1766 |   7.0 |       1 |      41 |   2.4 |  1326
           D:7 |     154 |    4861 |   3.1 |       3 |      43 |   6.5 |  1051
           D:8 |       7 |    4354 |   0.2 |       2 |      31 |   6.1 |   716
           D:9 |      33 |    2088 |   1.6 |       1 |      19 |   5.0 |   746
        Lair:1 |       0 |    3289 |   0.0 |       0 |      12 |   0.0 |   908
        Lair:2 |       0 |    5010 |   0.0 |       0 |      25 |   0.0 |   835
        Lair:3 |    3118 |    9149 |  25.4 |       9 |      28 |  24.3 |  1309
        Lair:4 |     378 |    4163 |   8.3 |       2 |      11 |  15.4 |   634
        Lair:5 |       0 |    2220 |   0.0 |       0 |      14 |   0.0 |   221
           Lab |       0 |    1708 |   0.0 |       0 |       8 |   0.0 |   503
       Volcano |       0 |    5644 |   0.0 |       0 |      22 |   0.0 |   481
               +---------+---------+-------+---------+---------+-------+---------
